 Seeded DCSS version 0.30-a0-134-gb40fab5 (webtiles) character file.

Game seed: 7674855551681854916 (custom seed)

2058 edsrzf the Severer (level 9, -4/70 HPs)
             Began as a Hill Orc Cinder Acolyte on Sept 18, 2022.
             Was an Initiate of Beogh.
             Slain by a fire elemental (10 damage)
             ... created by the fiery vengeance of Ignis
             ... on level 7 of the Dungeon on Sept 19, 2022.
             The game lasted 00:22:48 (5789 turns).

edsrzf the Severer (Hill Orc Cinder Acolyte)        Turns: 5789, Time: 00:22:50

Health: -4/70      AC:  8    Str: 21    XL:     9   Next: 25%
Magic:  10/10      EV: 11    Int: 26    God:    Beogh [......]
Gold:   333        SH:  0    Dex:  6    Spells: 8/10 levels left

rFire   . . .      SeeInvis .    a - +0 war axe
rCold   . . .      Faith    .    (no shield)
rNeg    . . .      Spirit   .    A - +0 leather armour {Will+}
rPois   .          Reflect  .    (no helmet)
rElec   .          Harm     .    B - +2 cloak
rCorr   .          Rampage  .    (no gloves)
Will    +....                    n - +1 pair of boots
Stlth   +.........               p - amulet of regeneration
HPRegen 1.01/turn                o - +6 ring of intelligence
MPRegen 0.12/turn                w - +6 ring of intelligence

@: about to teleport, fire susceptible
A: no striking features
a: Renounce Religion


You were on level 7 of the Dungeon.
You worshipped Beogh.
Beogh was noncommittal.
You visited 1 branch of the dungeon, and saw 8 of its levels.

You collected 333 gold pieces.

Inventory:

Hand Weapons
 a - a +0 war axe (weapon)
 b - a -1 hand axe of flaming
Armour
 n - a +1 pair of boots (worn)
 A - a +0 leather armour of willpower (worn)
 B - a +2 cloak (worn)
 C - a scarf of harm
Jewellery
 o - a +6 ring of intelligence (left hand)
 p - an amulet of regeneration (around neck)
 q - a ring of flight
 w - a +6 ring of intelligence (right hand)
 E - a +6 ring of intelligence
Wands
 t - a wand of iceblast (14)
 z - a wand of flame (2)
 D - a wand of polymorph (2)
 I - a wand of digging (5)
Scrolls
 c - a scroll of teleportation {@r3}
 e - a scroll of silence {unknown}
 f - 2 scrolls of identify {@r1}
 g - 2 scrolls of magic mapping {unknown}
 m - 3 scrolls of fog {unknown}
 r - 2 scrolls of blinking {unknown}
 s - a scroll of poison {unknown}
 u - 3 scrolls of vulnerability {unknown}
 v - 4 scrolls of noise {unknown}
 y - a scroll of enchant weapon {unknown}
 F - a scroll of fear {unknown}
 H - a scroll of amnesia {unknown}
Potions
 d - a potion of ambrosia
 h - 2 potions of lignification
 i - 2 potions of brilliance
 j - 2 potions of attraction
 k - 2 potions of invisibility
 l - a potion of berserk rage {!q}
 x - a potion of curing
 G - a potion of resistance
 J - a potion of haste
 K - a potion of mutation {unknown}


   Skills:
 - Level 3.6 Fighting
 + Level 15.6 Axes
 - Level 1.0 Spellcasting
 - Level 3.2 Fire Magic


You had 8 spell levels left.
You knew the following spells:

 Your Spells              Type           Power      Damage    Failure   Level
a - Scorch                Fire           36%        2d6       5%          2

Your spell library contained the following spells:

 Spells                   Type           Power      Damage    Failure   Level


Dungeon Overview and Level Annotations

Branches:
Dungeon (8/15)             Temple (0/1) D:7
   Lair: D:8-11

Altars:
Elyvilon
Hepliaklqana
Okawaru
Vehumet
Yredelemnul

Shops:
D:2 *   D:6 :(*


Message History

Items here: )) [ †.
There is a stone staircase leading down here.
You now have 333 gold pieces (gained 5).
Autoexplore disabled on this floor!
Autoexplore enabled for D:7 You open the door.
A gnoll bouda, 4 gnolls and a steam dragon come into view.
The gnoll bouda shouts!
The gnoll shouts! x2; The steam dragon hisses angrily.
The gnoll closely misses you.
The gnoll bouda gazes fiercely through you!
You feel your attacks grow feeble.
The gnoll bouda barks out a call to the hunt!
The gnolls pick up the pace!
The gnoll bouda gazes fiercely through you!
You feel as though you will be weak longer.
The gnoll bouda closely misses you. The gnoll barely misses you.
You slash the gnoll bouda!
The gnoll bouda is severely wounded.
The gnoll bouda misses you. The gnoll barely misses you.
You hit the gnoll bouda.
The gnoll bouda is severely wounded.
The gnoll bouda hits you with a +0 club.
The gnoll hits you but does no damage.
You barely miss the gnoll bouda.
The gnoll bouda is severely wounded.
You hit the gnoll bouda. You punch the gnoll bouda.
You kill the gnoll bouda!
Beogh accepts your kill.
Beogh appreciates your killing of a heretic priest.
The gnoll hits you but does no damage. The steam dragon breathes steam at you.
The ball of steam hits the gnoll!!
The gnoll dies!
The ball of steam hits you!!
The gnoll is engulfed in a cloud of scalding steam.
The gnoll closely misses you.
The gnoll is engulfed in a cloud of scalding steam.
The gnoll dies!
The steam dragon breathes steam at you. The ball of steam hits you!
You hit the steam dragon but do no damage.
You are engulfed in a cloud of scalding steam.
The steam dragon barely misses you.
The steam dragon claws you but does no damage.
You hit the steam dragon but do no damage.
You punch the steam dragon.
The steam dragon is lightly wounded.
You are engulfed in a cloud of scalding steam.
The steam dragon bites you.
The steam dragon claws you but does no damage.
You closely miss the steam dragon.
The steam dragon is lightly wounded.
You are engulfed in a cloud of scalding steam.
Your attacks no longer feel as feeble.
You hit the steam dragon but do no damage.
The steam dragon is lightly wounded.
You are engulfed in a cloud of scalding steam.
The steam dragon breathes steam at you. The ball of steam hits you.
Okay, then.
Okay, then.
Okay, then.
The gnoll is no longer moving quickly.
The steam dragon attacks as you move away!
The steam dragon barely misses you. The steam dragon closely misses you.
The steam dragon attacks as you move away!
The steam dragon closely misses you.
The steam dragon claws you but does no damage.
The steam dragon attacks as you move away!
The steam dragon closely misses you. The steam dragon claws you.
The steam dragon attacks as you move away!
The steam dragon bites you but does no damage.
The steam dragon barely misses you.
Press: ? - help, v - describe, . - travel
Here: a steam dragon (lightly wounded)
The floor.
The steam dragon attacks as you move away!
The steam dragon closely misses you. The steam dragon barely misses you.
The steam dragon breathes steam at you. The ball of steam misses you.
You are engulfed in a cloud of scalding steam. "With a thousand fires I burned cities, but these will suffice for you!" 3 fire elementals come into view.
Okay, then.
As you read the scroll of teleportation {@r3}, it crumbles to dust.
You feel strangely unstable.
Okay, then.
You hit the fire elemental but do no damage.
You closely miss the fire elemental. You barely miss the fire elemental.
The fire elemental hits you. The fire elemental burns you!
Okay, then.
Okay, then.
Okay, then.
You feel better. The fire elemental hits you. The fire elemental burns you!
The fire elemental hits you. The fire elemental burns you!
* * * LOW HITPOINT WARNING * * *
The fire elemental hits you. The fire elemental burns you!
* * * LOW HITPOINT WARNING * * *
The fire elemental hits you. The fire elemental burns you!
You die... ######### #.ggDE@E#

#######.#####E#
#.>.))#.# .#
#.###.#g#### .#
###.# #.g....# .#
##.#.###.#.##.# .#
##......g.#... ...#
........######.####
##...#### #


You could see 3 fire elementals, a steam dragon and 2 gnolls.

Vanquished Creatures
  A wyvern (D:7)
  Eustachio (D:4)
  Menkaure (D:5)
  2 ice beasts
  An ogre (D:5)
  2 centaurs
  2 phantoms (D:5)
  A gnoll sergeant (D:5)
  A bullfrog (D:6)
  2 scorpions
  A necrophage (D:5)
  A gnoll bouda (D:7)
  3 hounds
  5 jellies
  Crazy Yiuf (D:5)
  5 iguanas
  Terence (D:2)
  5 orc wizards
  5 adders
  8 gnolls
  A shadow imp (D:5)
  A white imp (D:6)
  An ufetubus (D:4)
  A worm (D:2)
  3 dart slugs
  14 orcs
  8 endoplasms
  3 giant cockroaches
  8 goblins
  8 hobgoblins
  7 quokkas
  10 ball pythons
  2 bats
  3 frilled lizards
  8 kobolds
  4 rats
  A spectral orc (D:4)
132 creatures vanquished.

Vanquished Creatures (others)
  2 gnolls (D:7)
  An adder (D:6)
  19 plants (D:3)
22 creatures vanquished.

Grand Total: 154 creatures vanquished

Notes
Turn   | Place    | Note
-------+----------+-------------------------------------------
     0 | D:1      | edsrzf the Hill Orc Cinder Acolyte began the quest for the
                  | Orb.
     0 | D:1      | Reached XP level 1. HP: 19/19 MP: 2/2
   286 | D:1      | Reached XP level 2. HP: 26/26 MP: 3/3
   375 | D:1      | Reached skill level 5 in Axes
   653 | D:1      | Reached XP level 3. HP: 27/31 MP: 4/4
  1197 | D:2      | Found a faded altar of an unknown god.
  1406 | D:2      | Noticed Terence
  1417 | D:2      | Killed Terence
  1418 | D:2      | Reached skill level 6 in Axes
  1418 | D:2      | Reached XP level 4. HP: 21/39 MP: 5/5
  1803 | D:2      | Found Zyppaem's General Store.
  2402 | D:3      | Reached skill level 7 in Axes
  2402 | D:3      | Reached XP level 5. HP: 27/45 MP: 6/6
  2790 | D:3      | Reached skill level 8 in Axes
  3083 | D:3      | Upgraded the game from 0.30-a0-125-g51eefa8 to
                  | 0.30-a0-134-gb40fab5
  3358 | D:4      | Reached XP level 6. HP: 49/51 MP: 7/7
  3507 | D:4      | Found a basalt altar of Yredelemnul.
  3663 | D:4      | Reached skill level 9 in Axes
  3856 | D:4      | Noticed Eustachio
  3902 | D:4      | Killed Eustachio
  3903 | D:4      | Reached skill level 10 in Axes
  3903 | D:4      | Reached XP level 7. HP: 31/57 MP: 8/8
  4107 | D:5      | Entered Level 5 of the Dungeon
  4107 | D:5      | Noticed Menkaure
  4252 | D:5      | Identified 2 potions of ambrosia
  4258 | D:5      | Identified 2 potions of heal wounds
  4266 | D:5      | HP: 2/57 [iguana (3)]
  4267 | D:5      | Reached skill level 11 in Axes
  4339 | D:5      | Reached skill level 12 in Axes
  4339 | D:5      | Reached XP level 8. HP: 64/64 MP: 9/9
  4389 | D:5      | Found a hazy altar of Hepliaklqana.
  4429 | D:5      | Found a runed translucent door.
  4430 | D:5      | Noticed Crazy Yiuf
  4438 | D:5      | Killed Crazy Yiuf
  4512 | D:5      | Killed Menkaure
  4585 | D:5      | Reached skill level 13 in Axes
  4745 | D:5      | Found an iron altar of Okawaru.
  4753 | D:5      | Found a white marble altar of Elyvilon.
  4755 | D:5      | Found a radiant altar of Vehumet.
  4880 | D:6      | Found Zyquss's Weapon Shoppe.
  4926 | D:6      | Found Unu Hick's General Store.
  4972 | D:6      | Reached skill level 14 in Axes
  5036 | D:6      | Found Welorche's Book Emporium.
  5077 | D:6      | Fell from the grace of Ignis
  5077 | D:6      | Became a worshipper of Beogh the Brigand
  5228 | D:6      | Reached XP level 9. HP: 70/70 MP: 10/10
  5240 | D:6      | Learned a level 2 spell: Scorch
  5366 | D:6      | Identified 8 scrolls of identify
  5366 | D:6      | Identified 2 potions of lignification
  5367 | D:6      | Identified 3 scrolls of teleportation
  5437 | D:7      | Found a staircase to the Ecumenical Temple.
  5451 | D:7      | Identified 2 potions of brilliance
  5452 | D:7      | Identified 2 potions of attraction
  5453 | D:7      | Identified 2 potions of invisibility
  5454 | D:7      | Identified a potion of berserk rage
  5455 | D:7      | Identified 2 potions of curing
  5475 | D:7      | Reached skill level 15 in Axes
  5580 | D:7      | Identified a potion of resistance
  5581 | D:7      | Identified a potion of haste
  5789 | D:7      | Slain by a fire elemental

Illustrated notes

Levels and vault maps discovered:
D:1:      tarquinn_simple_flora_water_a, layout_basic, serial_rivers,
          chequers_serial_rivers_micro_e, chequers_serial_rivers_micro_d,
          chequers_serial_rivers_micro_a, chequers_serial_rivers_small_a,
          chequers_serial_rivers_micro_a
D:2:      layout_basic, serial_shops, nicolae_square_shop,
          nicolae_ecumenical_snake_handling, uniq_terence
D:3:      layout_loops_ring, serial_bayou_lake_a
D:4:      layout_basic, yredelemnul_forgotten_temple_becter, uniq_eustachio
D:5:      layout_cave_pools, old_standard_altar, minitemple,
          kennysheep_generic_room_5, uniq_menkaure, uniq_crazy_yiuf_cottage
D:6:      layout_basic, serial_shops, nicolae_shop_behind_doors,
          nicolae_diamond_shop, nicolae_shop_statue_plus, st_stairs_14
D:7:      layout_loops_corners, temple_pool_b
D:8:      layout_basic, nicolae_dithmenos_through_a_glass_darkly, serial_shops,
          shop

Skill      XL: |  1  2  3  4  5  6  7  8  9 |
---------------+----------------------------+-----
Axes           | 5 6 7 8 10 12 14 15 | 15.6
Fighting       | |  3.6
Spellcasting   | |  1.0
Fire Magic     | |  3.2

Action                   |  1- 3 |  4- 6 |  7- 9 || total
-------------------------+-------+-------+-------++-------
Melee: Hand axe          |    96 |   164 |       ||   260
       Punch             |       |     4 |     6 ||    10
       War axe           |       |    38 |   229 ||   267
Invok: Fiery Armour      |     1 |     1 |     4 ||     6
       Convert to Beogh  |       |       |     1 ||     1
Evoke: Wand              |       |       |     4 ||     4
  Use: Potion            |       |       |     4 ||     4
       Scroll            |       |       |    11 ||    11
Armor: Robe              |    16 |    52 |       ||    68
       Leather armour    |       |       |   101 ||   101
Dodge: Dodged            |    42 |   107 |   120 ||   269

Table legend: (Time is in decaauts)
 A = Elapsed time spent in this place.
 B = Non-inter-level travel time spent in this place.
 C = Inter-level travel time spent in this place.
 D = Time resting spent in this place.
 E = Time spent auto-exploring this place.
 F = Levels seen in this place.
 G = Mean time per level.
                   A        B        C        D        E       F      G
               +--------+--------+--------+--------+--------+-----+--------+
         Total |   5794 |   5577 |    217 |    358 |   3369 |   8 |  724.2 |
       Dungeon |   5794 |   5577 |    217 |    358 |   3369 |   8 |  724.2 |
               +--------+--------+--------+--------+--------+-----+--------+

Top non-repeatable levels by time:
     D:2: 1364 daAuts
     D:4: 1061 daAuts
     D:1: 914 daAuts
     D:3: 902 daAuts
     D:5: 637 daAuts
     D:6: 546 daAuts
     D:7: 241 daAuts
     D:8: 127 daAuts
